 Dungeon Crawl Stone Soup version 0.21-a0-633-g4c047d5 (webtiles) character file.

219 Delita the Cutter (level 6, 0/39 HPs)
             Began as a Halfling Skald on Dec 29, 2017.
             Was an Initiate of the Shining One.
             Succumbed to a scorpion's poison
             ... on level 3 of the Dungeon.
             The game lasted 00:28:58 (4481 turns).

Delita the Cutter (Halfling Skald)                  Turns: 4481, Time: 00:28:59

Health: 0/39       AC: 12    Str: 13    XL:     6   Next: 17%
Magic:  7/9        EV:  6    Int: 12    God:    the Shining One [......]
Gold:   134        SH:  0    Dex: 14    Spells: 8/9 levels left

rFire    . . .     SeeInvis .   a - +1 short sword
rCold    . . .     Gourm    .   (shield restricted)
rNeg     . . .     Faith    .   g - +1 plate armour
rPois    .         Spirit   .   (no helmet)
rElec    .         Reflect  .   (no cloak)
rCorr    .         Harm     .   (no gloves)
MR       .....                  (no boots)
Stlth    ..........             (no amulet)
HPRegen  0.13/turn              (no ring)
MPRegen  0.11/turn              (no ring)

@: lethally poisoned (0 -> -16), glowing
A: small, mutation resistance 1
a: Renounce Religion


You were on level 3 of the Dungeon.
You worshipped the Shining One.
The Shining One was noncommittal.
You were not hungry.

You visited 1 branch of the dungeon, and saw 3 of its levels.

You collected 134 gold pieces.

Inventory:

Hand Weapons
 a - a +1 short sword (weapon)
 h - a +0 hunting sling
 l - a +0 blowgun
Missiles
 e - 93 stones (quivered)
 k - 19 sling bullets
 m - 2 poisoned needles
Armour
 b - a +2 leather armour
 g - a +1 plate armour (worn)
Potions
 f - 2 potions of might
 i - a potion of degeneration
 j - 2 potions of resistance
Books
 c - a book of Battle

   Spells                             Type                      Level
   a - Infusion                       Charms                       1
   b - Shroud of Golubria             Charms/Translocation         2
   c - Song of Slaying                Charms                       2
   d - Spectral Weapon                Hexes/Charms                 3
   e - Regeneration                   Charms/Necromancy            3
Comestibles
 d - 3 rations


   Skills:
 + Level 2.3 Fighting
 + Level 4.7 Short Blades
 + Level 0.4 Throwing
 + Level 3.6 Armour
 + Level 2.4 Dodging
 + Level 2.0 Spellcasting
 + Level 3.5 Charms


You had 8 spell levels left.
You knew the following spells:

 Your Spells              Type           Power        Failure   Level  Hunger
a - Infusion              Chrm           #...         100%        1    ##.....


Dungeon Overview and Level Annotations

Branches:
Dungeon (3/15)

Altars:
Ashenzari
Hepliaklqana
Ru
Xom
The Shining One


Innate Abilities, Weirdness & Mutations

You are small and have problems with some larger weapons.
You are somewhat resistant to further mutation.


Message History

You feel sick. The scorpion barely misses you.
You closely miss the scorpion.
The scorpion is almost dead.
* * * LOW HITPOINT WARNING * * *
You feel sick.
The scorpion stings you but does no damage.
You hit the scorpion.
You kill the scorpion!
Your Spellcasting skill increases to level 2!
You have reached level 6!
Your experience leads to an increase in your attributes!
Increase (S)trength, (I)ntelligence, or (D)exterity?
You feel stronger.
* * * LOW HITPOINT WARNING * * *
You feel sick.
Your plate armour prevents you from hitting the hobgoblin.
* * * LOW HITPOINT WARNING * * *
You feel sick.
Your plate armour prevents you from hitting the hobgoblin.
You die...

## ######.# b#... #<.
......... #....#### #.#
######..# ........## #.#
#... ........## #.# #..#
###.......# #.# #..#
..........# ##.##########..#
#.......###...............
#......g@.......†........
........#####..#.########..#
####.(.## #..#.# #. # #...#
##..#.# # .# #.(.#
#...#.########..# #...#
#...............#
#...######(######........
##..#...........######.##
#..#.####.####K##### .#


You could see a hobgoblin.

Vanquished Creatures
  A scorpion (D:3)
  A jelly (D:2)
  A hound (D:3)
  5 adders
  An ooze (D:1)
  A worm (D:2)
  4 leopard geckos
  An orc (D:3)
  4 bats
  A giant cockroach (D:2)
  4 goblins
  9 hobgoblins
  4 jackals (D:2)
  A quokka (D:3)
  A ball python (D:2)
  7 frilled lizards
  8 kobolds
  3 rats
57 creatures vanquished.

Notes
Turn   | Place    | Note
-------+----------+-------------------------------------------
     0 | D:1      | Delita the Halfling Skald began the quest for the Orb.
     0 | D:1      | Reached XP level 1. HP: 14/14 MP: 3/3
   253 | D:1      | Reached XP level 2. HP: 12/19 MP: 0/4
   934 | D:1      | Reached XP level 3. HP: 22/24 MP: 3/5
  1874 | D:2      | Reached skill level 3 in Short Blades
  1874 | D:2      | Reached XP level 4. HP: 8/29 MP: 6/6
  2181 | D:2      | Found a glowing golden altar of the Shining One.
  2190 | D:2      | Became a worshipper of the Shining One
  2232 | D:2      | Found a shattered altar of Ashenzari.
  2304 | D:2      | Reached skill level 4 in Short Blades
  2638 | D:2      | Reached XP level 5. HP: 27/34 MP: 7/7
  3484 | D:2      | Found a shimmering altar of Xom.
  3714 | D:3      | Found a hazy altar of Hepliaklqana.
  3986 | D:3      | Found a sacrificial altar of Ru.
  4479 | D:3      | Reached XP level 6. HP: 4/39 MP: 7/9
  4480 | D:3      | HP: 1/39 [poisoned by a scorpion]
  4481 | D:3      | Succumbed to a scorpion's poison

Vault maps used:
D:1:      minmay_arrival_hallway
D:2:      xom_teletrap_fun, nicolae_overflow_crystal_walls, lemuel_doored_altar,
          interstate_on_off, kennysheep_small_spiral
D:3:      kennysheep_slug_shrine, overflow_temple_1_default, minitemple,
          st_stairs_14, nrook_mini_backslash, grunt_ministairs_7,
          nicolae_ru_sacrificial_ziggurat

Skill      XL: |  1  2  3  4  5 |
---------------+----------------+-----
Fighting       | 2 |  2.3
Armour         | 2 3 |  3.6
Short Blades   | 3 4 |  4.7
Spellcasting   | 2 |  2.0
Throwing       | |  0.4
Dodging        | |  2.4
Charms         | |  3.5

Action                   |  1- 3 |  4- 6 || total
-------------------------+-------+-------++-------
Melee: Short sword       |   155 |   225 ||   380
Throw: Stone             |    10 |    20 ||    30
 Cast: Infusion          |     4 |       ||     4
  Use: Potion            |     4 |     3 ||     7
       Scroll            |     6 |     3 ||     9
  Eat: Ration            |     1 |     3 ||     4
Armor: Leather armour    |     4 |       ||     4
       Plate armour      |    87 |   166 ||   253
Dodge: Dodged            |    37 |    54 ||    91

Table legend:
 A = Spawn XP
 B = Non-spawn XP
 C = Spawn XP percentage of total XP
 D = Spawn monster count
 E = Non-spawn monster count
 F = Spawn count percentage of total count
 G = Total turns spent on level
                    A         B        C        D         E        F      G
               +---------+---------+-------+---------+---------+-------+---------
         Total |       0 |     313 |   0.0 |       0 |      57 |   0.0 |  4481
               +---------+---------+-------+---------+---------+-------+---------
           D:1 |       0 |      31 |   0.0 |       0 |      15 |   0.0 |  1141
           D:2 |       0 |     140 |   0.0 |       0 |      29 |   0.0 |  2559
           D:3 |       0 |     142 |   0.0 |       0 |      13 |   0.0 |   781
               +---------+---------+-------+---------+---------+-------+---------
